 Dungeon Crawl Stone Soup version 0.32-a0-377-g951292165a (webtiles) character file.

Game seed: 9027369313981274383

18001 EC1 the Spear-Bearer (level 12, -5/108 HPs)
             Began as a Minotaur Fighter on Feb 19, 2024.
             Was an Elder of Trog.
             Slain by Oforgh's ghost (11 damage)
             ... on level 3 of the Lair of Beasts.
             The game lasted 00:20:27 (11458 turns).

EC1 the Spear-Bearer (Minotaur Fighter)            Turns: 11458, Time: 00:20:28

Health: -5/108     AC:  9    Str: 25    XL:     12   Next: 23%
Magic:  11/11      EV: 16    Int:  5    God:    Trog [****..]
Gold:   183        SH:  6    Dex: 17    Spells: 11/11 levels left

rFire   . . .        i - +3 trident (vamp)
rCold   . . .        c - +0 buckler
rNeg    . . .        r - +0 leather armour "Zoravom" {rCorr Dex+6}
rPois   .            (helmet restricted)
rElec   .            w - +0 cloak
rCorr   +            (no gloves)
SInv    .            (no boots)
Will    +....        (no amulet)
Stlth   +++          h - +4 ring of protection
HPRegen 0.38/turn    l - ring of willpower
MPRegen 0.12/turn

%: no passive effects
@: no status effects
A: horns 2, retaliatory headbutt
a: Renounce Religion, Berserk, Trog's Hand, Brothers in Arms


You were on level 3 of the Lair of Beasts.
You worshipped Trog.
Trog was greatly pleased with you.
You visited 3 branches of the dungeon, and saw 12 of its levels.

You collected 497 gold pieces.
You spent 314 gold pieces at shops.

Inventory:

Hand Weapons
 i - a +3 vampiric trident (weapon)
 o - a +1 heavy mace
 K - a +0 antimagic hand axe
 M - a +3 trident
Missiles
 v - 2 throwing nets
Armour
 c - a +0 buckler (worn)
 r - the +0 leather armour "Zoravom" (worn) {rCorr Dex+6}
   (You found it on level 3 of the Dungeon)

   Dex+6:     It affects your dexterity (+6).
   rCorr:     It protects you from acid and corrosion.
 s - a +0 plate armour
 w - a +0 cloak (worn)
Jewellery
 h - a +4 ring of protection (left hand)
 l - a ring of willpower (right hand)
 z - a ring of fire
 E - a ring of see invisible
Wands
 g - a wand of flame (11)
 I - a wand of charming (17)
 O - a wand of polymorph (6)
Scrolls
 e - 2 scrolls of fog
 u - a scroll of poison
 y - 4 scrolls of fear
 C - a scroll of brand weapon
 D - a scroll of silence
 H - a scroll of revelation
Potions
 a - a potion of mutation {unknown}
 b - 2 potions of degeneration {unknown}
 d - 3 potions of might
 f - 7 potions of curing
 k - a potion of invisibility
 n - a potion of haste
 A - a potion of cancellation
 F - a potion of enlightenment
 N - a potion of ambrosia {unknown}
Miscellaneous
 m - a lightning rod (4/4) (quivered)


   Skills:
 + Level 10.7 Fighting
 + Level 3.9 Long Blades
 + Level 14.8 Polearms
 + Level 7.8 Armour
 + Level 8.5 Dodging
 + Level 6.0 Stealth
 + Level 8.5 Shields
 + Level 0.1 Evocations


You had 11 spell levels left.
You didn't know any spells.
Your spell library contained the following spells:

 Spells                   Type           Power      Damage    Failure   Level
 Apportation              Tloc           0%         N/A       56%         1
 Jinxbite                 Hex            0%         N/A       71%         2
 Sublimation of Blood     Necr           0%         N/A       71%         2
 Petrify                  Alch/Erth      0%         N/A       100%        4
 Alistair's Intoxication  Alch           0%         N/A       100%        5
 Irradiate                Conj/Alch      0%         3d11      100%        5


Dungeon Overview and Level Annotations

Branches:
Dungeon (8/15)             Temple (1/1) D:4            Lair (3/5) D:8
 Shoals (0/4) Lair:3       Spider (0/4) Lair:2

Altars:
Cheibriados
Dithmenos
Elyvilon
Fedhas
Gozag
Hepliaklqana
Kikubaaqudgha
Makhleb
Nemelex Xobeh
Okawaru
Qazlal
Ru
Sif Muna
Trog
Uskayaw
Vehumet
Wu Jian
Xom
Yredelemnul
Zin
The Shining One

Shops:
D:4 [   D:6 **   D:7 *?*

Annotations:
Lair:3 Oforgh's ghost, journeyman MDFi


Innate Abilities, Weirdness & Mutations

You have a pair of horns on your head.
You reflexively headbutt those who attack you in melee.


Message History

The oklob plant is moderately damaged.
You hit the oklob plant.
You feel better.
The oklob plant is moderately damaged.
The oklob plant spits acid at you. You block the splash of acid.
You puncture the oklob plant!
You feel better.
You headbutt the oklob plant.
The oklob plant is heavily damaged.
You hit the oklob plant but do no damage.
The oklob plant is heavily damaged.
You puncture the oklob plant!
The oklob plant is severely damaged.
The oklob plant spits acid at you. The splash of acid hits you. You resist.
You puncture the oklob plant!
The oklob plant is almost destroyed.
You puncture the oklob plant!
You feel better.
You destroy the oklob plant!
Trog accepts your kill.
Your Stealth skill increases to level 6!
Found a runed translucent door.
Found 10 gold pieces, a shiny orb and a scroll labelled XEGHUG OLUCOIR.
Oforgh's ghost turns its malevolent gaze towards you.
You open the door.
You hit Oforgh's ghost but do no damage.
Oforgh's ghost shrieks, "You will never get the ORB!"
Oforgh's ghost hits you!! Oforgh's ghost burns you.
You hit Oforgh's ghost but do no damage.
You hit Oforgh's ghost but do no damage.
You headbutt Oforgh's ghost, but do no damage.
Oforgh's ghost barely misses you.
You barely miss Oforgh's ghost. Oforgh's ghost hits you!!
Oforgh's ghost burns you!
You hit Oforgh's ghost but do no damage.
You headbutt Oforgh's ghost, but do no damage.
Unknown command.
Okay, then.
Oforgh's ghost hits you!!
* * * LOW HITPOINT WARNING * * *
Oforgh's ghost burns you!
You die...

###...#
##..#~~~
##.##
#...##~~
#..#
##.P.~#~
##.# #......
##..#
######.
###..## ##
#....#######
##...#....$#
#..@W~~~~[#
#P..#....?#
##..#######
####


You could see Oforgh's ghost.

Vanquished Creatures
  2 two-headed ogres
  An oklob plant (Lair:3)
  8 elephants
  A black mamba (Lair:1)
  7 cane toads
  4 rime drakes
  2 komodo dragons
  3 merfolk (Lair:3)
  3 blink frogs (Lair:3)
  Sigmund (D:5)
  23 yaks
  2 basilisks (Lair:3)
  3 wyverns
  Grum (Lair:1)
  Menkaure (D:7)
  7 water moccasins
  Duvessa (D:5)
  An orc warrior (D:8)
  2 sky beasts (D:7)
  3 black bears
  2 ice beasts
  6 wolves (Lair:1)
  An ogre (D:5)
  2 phantoms (D:5)
  3 lemures (D:5)
  A kobold brigand (D:5)
  9 bullfrogs
  5 scorpions
  Dowan (D:5)
  2 howler monkeys
  3 electric eels
  2 hounds
  An orc priest (D:5)
  3 jellies
  Terence (D:3)
  2 orc wizards
  4 sleepcaps
  3 iguanas
  5 adders
  4 gnolls (D:8)
  A shadow imp (D:7)
  A white imp (D:7)
  4 ufetubi (D:6)
  2 ribbon worms (D:2)
  21 orcs
  6 bats
  15 endoplasms
  A giant cockroach (D:1)
  4 hobgoblins
  10 jackals
  14 kobolds
  4 quokkas
  7 ball pythons
  A frilled lizard (D:1)
  11 goblins
  8 rats
246 creatures vanquished.

Notes
Turn   | Place    | Note
-------+----------+-------------------------------------------
     0 | D:1      | EC1 the Minotaur Fighter began the quest for the Orb.
     0 | D:1      | Reached XP level 1. HP: 19/19 MP: 0/0
    78 | D:1      | Reached XP level 2. HP: 27/27 MP: 1/1
   337 | D:1      | Reached XP level 3. HP: 28/33 MP: 2/2
   383 | D:1      | Found a faded altar of an unknown god.
   392 | D:1      | Got Plato's Atlas of the Geodesic
   973 | D:2      | Reached XP level 4. HP: 41/41 MP: 3/3
  1710 | D:3      | Reached skill level 1 in Polearms
  1711 | D:3      | Identified the +0 leather armour "Zoravom" {rCorr Dex+6}
  1887 | D:3      | Noticed Terence
  1894 | D:3      | Reached XP level 5. HP: 47/47 MP: 4/4
  1909 | D:3      | Killed Terence
  2051 | D:3      | Found a sacrificial altar of Ru.
  2059 | D:3      | Reached skill level 2 in Polearms
  2332 | D:3      | Found a burning altar of Makhleb.
  2332 | D:3      | Found a bloodstained altar of Trog.
  2690 | D:3      | Became a worshipper of Trog the Wrathful
  3003 | D:4      | Found a staircase to the Ecumenical Temple.
  3014 | D:4      | Reached skill level 3 in Polearms
  3036 | D:4      | Reached XP level 6. HP: 48/53 MP: 5/5
  3156 | D:4      | Found Mil Iqo's Antique Armour Boutique.
  3306 | Temple   | Entered the Ecumenical Temple
  3344 | D:5      | Entered Level 5 of the Dungeon
  3358 | D:5      | Reached skill level 1 in Dodging
  3386 | D:5      | Reached skill level 1 in Stealth
  3403 | D:5      | Reached * piety under Trog
  3404 | D:5      | Reached skill level 5 in Fighting
  3406 | D:5      | Reached skill level 4 in Polearms
  3473 | D:5      | Noticed a yak
  3473 | D:5      | Noticed a yak
  3474 | D:5      | Noticed a yak
  3474 | D:5      | Noticed a yak
  3476 | D:5      | Noticed a yak
  3484 | D:5      | Killed a yak
  3485 | D:5      | Reached skill level 5 in Shields
  3485 | D:5      | Reached XP level 7. HP: 57/61 MP: 6/6
  3487 | D:5      | Killed a yak
  3488 | D:5      | Reached skill level 5 in Polearms
  3490 | D:5      | Killed a yak
  3495 | D:5      | Killed a yak
  3496 | D:5      | Reached skill level 6 in Polearms
  3496 | D:5      | Reached XP level 8. HP: 70/70 MP: 7/7
  3499 | D:5      | Reached skill level 5 in Armour
  3781 | D:5      | Reached skill level 7 in Polearms
  3847 | D:5      | Noticed Dowan
  3849 | D:5      | Noticed Duvessa
  3849 | D:5      | Noticed Sigmund
  3864 | D:5      | Killed Dowan
  3873 | D:5      | Killed Duvessa
  3879 | D:5      | Killed Sigmund
  4075 | D:5      | Reached skill level 8 in Polearms
  4127 | D:5      | Reached XP level 9. HP: 78/78 MP: 8/8
  4162 | D:5      | Reached ** piety under Trog
  4422 | D:6      | Reached skill level 5 in Dodging
  4480 | D:6      | Found a basalt altar of Yredelemnul.
  4484 | D:6      | Found a shadowy altar of Dithmenos.
  4486 | D:6      | Found a shimmering blue altar of Sif Muna.
  4487 | D:6      | Found a stormy altar of Qazlal.
  4493 | D:6      | Found a hazy altar of Hepliaklqana.
  4576 | D:6      | Reached skill level 9 in Polearms
  4656 | D:6      | Found Dihiudey's Specific Store.
  4684 | D:6      | Found Ymyn's General Store.
  4763 | D:6      | Found an iron altar of Okawaru.
  5208 | D:7      | Found a hide-covered altar of Uskayaw.
  5209 | D:7      | Noticed a +0 dagger
  5209 | D:7      | Noticed a +0 hand axe
  5366 | D:7      | Found Taureir's Magic Scroll Boutique.
  5392 | D:7      | Found Istal's General Store.
  5407 | D:7      | Bought a scroll of brand weapon for 123 gold pieces
  5407 | D:7      | Bought a potion of curing for 39 gold pieces
  5435 | D:7      | Bought a scroll of enchant weapon for 120 gold pieces
  5435 | D:7      | Bought a scroll of identify for 32 gold pieces
  5502 | D:7      | Found a flagged portal.
  5645 | D:7      | Found Awaulu's Assorted Antiques.
  5660 | D:7      | Noticed Menkaure
  5668 | D:7      | Killed Menkaure
  5786 | D:7      | Reached skill level 10 in Polearms
  5968 | D:7      | Noticed a two-headed ogre
  5976 | D:7      | Killed a two-headed ogre
  5977 | D:7      | Reached XP level 10. HP: 78/88 MP: 9/9
  6367 | D:8      | Found a staircase to the Lair.
  6547 | D:8      | Noticed a two-headed ogre
  6553 | D:8      | Killed a two-headed ogre
  6554 | D:8      | Reached skill level 11 in Polearms
  7177 | Lair:1   | Entered Level 1 of the Lair of Beasts
  7177 | Lair:1   | Noticed a black mamba
  7183 | Lair:1   | Killed a black mamba
  7281 | Lair:1   | Reached *** piety under Trog
  7328 | Lair:1   | Reached skill level 12 in Polearms
  7338 | Lair:1   | Reached skill level 5 in Stealth
  7529 | Lair:1   | Noticed a cane toad
  7538 | Lair:1   | Killed a cane toad
  7758 | Lair:1   | Reached XP level 11. HP: 94/95 MP: 10/10
  7850 | Lair:1   | Reached skill level 13 in Polearms
  8043 | Lair:1   | Noticed Grum
  8078 | Lair:1   | Killed Grum
  9012 | Lair:2   | Found a hole to the Spider Nest.
  9578 | Lair:2   | Reached skill level 14 in Polearms
 10174 | Lair:3   | Reached **** piety under Trog
 10229 | Lair:3   | Reached skill level 10 in Fighting
 10334 | Lair:3   | Found a shimmering altar of Xom.
 10528 | Lair:3   | Reached XP level 12. HP: 106/106 MP: 11/11
 10917 | Lair:3   | Found a staircase to the Shoals.
 11417 | Lair:3   | Found an opulent altar of Gozag.
 11447 | Lair:3   | Found a runed translucent door.
 11448 | Lair:3   | Noticed Oforgh's ghost (journeyman MDFi)
 11458 | Lair:3   | Slain by Oforgh's ghost

Illustrated notes

Levels and vault maps discovered:
D:1:      erik_arrival_triangle_small, layout_loops_ring,
          shapermc_ecumenical_altar_rom_forum
D:2:      layout_basic
D:3:      layout_loops_ring, mainiacjoe_overflow_six_doors_small,
          gammafunk_temple_overflow_wave, uniq_terence
D:4:      layout_rooms, minmay_temple_entry_overgrown, serial_shops,
          nicolae_shop_tiny_real_fake_doors, serial_bayou_ford_a,
          chequers_serial_rivers_micro_b, minmay_misc_feat_alley
D:5:      layout_loops_ring, uniq_sigmund, uniq_pikel, uniq_duvessa
D:6:      layout_rooms, nicolae_overflow_hallway_of_the_gods,
          overflow_temple_1_default, nicolae_specific_store, corexii_shack,
          kennysheep_dice
D:7:      layout_gridville, dancing_weapons_uskayaw, enter_bailey_2,
          serial_shops, nicolae_shop_tiny_waterfront,
          nicolae_shop_tiny_waterfront, shop, serial_park_tiny_pond,
          uniq_menkaure
D:8:      layout_basic, lair_entry_dummy, serial_glass, glass_columns_c,
          glass_columns_b, glass_columns_a, glass_columns_a, glass_columns_a,
          glass_columns_a, glass_columns_c, glass_columns_b,
          minmay_misc_feat_chi
Temple:   jpeg_temple_clearing
Lair:1:   layout_loops_ring, uniq_grum
Lair:2:   layout_regular_city, dummy_spider_entry
Lair:3:   layout_gridlike, mainiacjoe_shoals_entry_four_pools, basic_altar,
          ebering_ghost_reflecting_pool, lemuel_oklob_altar

Skill      XL: |  1  2  3  4  5  6  7  8  9 10 11 12 |
---------------+-------------------------------------+-----
Fighting       | 4 5 6 7 8 10 | 10.7
Shields        | 4 5 6 7 8 |  8.5
Armour         | 4 5 6 7 |  7.8
Long Blades    | 3 |  3.9
Polearms       | 1 3 4 6 8 10 12 14 | 14.8
Dodging        | 2 3 4 5 6 8 |  8.5
Stealth        | 1 2 4 5 6 |  6.0
Evocations     | |  0.1

Action                     |  1- 3 |  4- 6 |  7- 9 | 10-12 || total
---------------------------+-------+-------+-------+-------++-------
  Melee: Long sword        |    62 |       |       |       ||    62
         Headbutt          |     8 |    28 |    36 |   100 ||   172
         Trident           |     3 |   159 |   232 |   471 ||   865
 Invoke: Berserk           |       |       |     1 |       ||     1
  Evoke: Lightning rod     |       |       |       |     1 ||     1
    Use: Scroll            |     2 |    10 |     3 |     8 ||    23
         Potion            |       |       |     2 |     4 ||     6
   Stab: Sleeping          |       |     4 |    11 |     8 ||    23
         Distracted        |       |       |     1 |       ||     1
 Armour: Scale mail        |    32 |    31 |       |       ||    63
         Leather armour    |       |    55 |    85 |   196 ||   336
  Dodge: Dodged            |    20 |    59 |    76 |   206 ||   361
  Block: Buckler           |    12 |    43 |    32 |    84 ||   171

Table legend: (Time is in decaauts)
 A = Elapsed time spent in this place.
 B = Non-inter-level travel time spent in this place.
 C = Inter-level travel time spent in this place.
 D = Time resting spent in this place.
 E = Time spent auto-exploring this place.
 F = Levels seen in this place.
 G = Mean time per level.
                   A        B        C        D        E       F      G
               +--------+--------+--------+--------+--------+-----+--------+
         Total |  11403 |  11143 |    260 |   1903 |   5380 |  12 |  950.2 |
       Dungeon |   7180 |   6920 |    260 |    417 |   4364 |   8 |  897.5 |
        Temple |     27 |     27 |      0 |      0 |      0 |   1 |   27.0 |
          Lair |   4195 |   4195 |      0 |   1486 |   1015 |   3 | 1398.3 |
               +--------+--------+--------+--------+--------+-----+--------+

Top non-repeatable levels by time:
  Lair:1: 1689 daAuts
  Lair:2: 1484 daAuts
     D:3: 1170 daAuts
     D:7: 1148 daAuts
     D:5: 1085 daAuts
  Lair:3: 1021 daAuts
     D:2: 941 daAuts
     D:8: 812 daAuts
     D:6: 773 daAuts
     D:1: 737 daAuts
     D:4: 512 daAuts
  Temple: 27 daAuts
